 Dungeon Crawl Stone Soup version 0.27-a0-1200-g94dc6ad4cf (webtiles) character file.

Game seed: 17496425464636808543

9 bande the Covered (level 2, -2/19 HPs)
             Began as a Gargoyle Fighter on June 2, 2021.
             Slain by a hobgoblin (3 damage)
             ... on level 1 of the Dungeon.
             The game lasted 00:00:17 (63 turns).

bande the Covered (Gargoyle Fighter)                  Turns: 63, Time: 00:00:17

Health: -2/19      AC:  9    Str: 19    XL:     2   Next: 12%
Magic:  2/2        EV:  4    Int:  8    God:
Gold:   0          SH:  9    Dex:  9    Spells: 1/1 levels left

rFire    . . .     SeeInvis .   a - +0 war axe
rCold    . . .     Faith    .   c - +0 kite shield
rNeg     + . .     Spirit   .   b - +0 scale mail
rPois    ∞         Reflect  .   (no helmet)
rElec    +         Harm     .   (no cloak)
rCorr    .         Rampage  .   (no gloves)
Will     .....                  (no boots)
Stlth    ..........             (no amulet)
HPRegen  0.06/turn              (no ring)
MPRegen  0.08/turn              (no ring)

@: constricted
A: sickness immunity, AC +2, negative energy resistance 1, electricity
resistance, torment resistance 1, petrification resistance
a: no special abilities


You were on level 1 of the Dungeon.
You visited 1 branch of the dungeon, and saw 1 of its levels.

Inventory:

Hand Weapons
 a - a +0 war axe (weapon)
Armour
 b - a +0 scale mail (worn)
 c - a +0 kite shield (worn)
Scrolls
 e - a scroll of immolation {unknown}
Potions
 d - a potion of might


   Skills:
 + Level 3.3 Fighting
 + Level 1.9 Axes
 + Level 3.7 Armour
 + Level 3.3 Shields


You had one spell level left.
You didn't know any spells.
Your spell library was empty.

Dungeon Overview and Level Annotations

Branches:
Dungeon (1/15)

Altars:


Innate Abilities, Weirdness & Mutations

You are immune to sickness and miasma.
Your stone body is resilient. (AC +2)
You are immune to poison.
You resist negative energy. (rN+)
You are resistant to electric shocks. (rElec)
You are resistant to unholy torment.
You are immune to petrification.


Message History

The endoplasm hits you.
You see here a dart slug corpse.
You slash the endoplasm!
You kill the endoplasm!
You hit the hobgoblin but do no damage. You hit the endoplasm.
The endoplasm completely misses you. You block the hobgoblin's attack.
The endoplasm jiggles.
The endoplasm freezes you.
You are frozen.
A ball python comes into view.
The ball python hisses angrily.
The hobgoblin hits you but does no damage.
A ball python comes into view.
The endoplasm freezes you.
You are frozen.
* * * LOW HITPOINT WARNING * * *
The ball python hisses angrily.
You block the hobgoblin's attack. The hobgoblin hits you.
* * * LOW HITPOINT WARNING * * *
The endoplasm hits you but does no damage.
Unknown command.
You block the hobgoblin's attack. You block the ball python's attack. x2
You barely miss the ball python.
Your shield prevents you from hitting the endoplasm.
You hit the hobgoblin but do no damage. The hobgoblin barely misses you.
The ball python bites you but does no damage.
You block the ball python's attack. The ball python barely misses you.
The ball python grabs you. The ball python constricts you.
The endoplasm hits you but does no damage.
The hobgoblin barely misses you. You block the ball python's attack.
You barely miss the ball python. You hit the ball python.
You closely miss the hobgoblin. You hit the endoplasm.
You kill the endoplasm!
You block the ball python's attack.
* * * LOW HITPOINT WARNING * * *
The ball python constricts you. The ball python bites you.
* * * LOW HITPOINT WARNING * * *
The hobgoblin hits you.
You die...

.. ###. .. ..# .# # #.#
..# . ...
...###.###..#.. #..#
#......S...... #...#
#.@S......
#...#####g..##.#..
#.......†......#
##...#.†#..#..#
##.......##..#
#.....).....:.
#########.##.)##.......
#.....##†.#............
#........##.......###


You could see a hobgoblin and 2 ball pythons.

Vanquished Creatures
  A dart slug (D:1)
  2 endoplasms (D:1)
  2 goblins (D:1)
  A ball python (D:1)
  A bat (D:1)
  A rat (D:1)
8 creatures vanquished.

Notes
Turn   | Place    | Note
-------+----------+-------------------------------------------
     0 | D:1      | bande the Gargoyle Fighter began the quest for the Orb.
     0 | D:1      | Reached XP level 1. HP: 14/14 MP: 1/1
    56 | D:1      | Reached XP level 2. HP: 10/19 MP: 2/2
    63 | D:1      | Slain by a hobgoblin

Illustrated notes

Levels and vault maps discovered:
D:1:      minmay_arrival_nine_rooms, layout_rooms

Action                   || total
-------------------------++-------
Melee: War axe           ||    11
Armor: Scale mail        ||     6
Dodge: Dodged            ||    10
Block: Kite shield       ||    10

Table legend: (Time is in decaauts)
 A = Elapsed time spent in this place.
 B = Non-inter-level travel time spent in this place.
 C = Inter-level travel time spent in this place.
 D = Time resting spent in this place.
 E = Time spent auto-exploring this place.
 F = Levels seen in this place.
 G = Mean time per level.
                   A        B        C        D        E       F      G
               +--------+--------+--------+--------+--------+-----+--------+
         Total |     69 |     69 |      0 |      0 |     37 |   1 |   69.0 |
       Dungeon |     69 |     69 |      0 |      0 |     37 |   1 |   69.0 |
               +--------+--------+--------+--------+--------+-----+--------+

Top non-repeatable levels by time:
     D:1: 69 daAuts
